 Dungeon Crawl Stone Soup version 0.28-a0-851-g8b9cc49659 (webtiles) character file.

Game seed: 8160168585292199146

2475 Sabo the Cleaver (level 9, -2/70 HPs)
             Began as a Formicid Fighter on Nov 14, 2021.
             Was a Priest of Zin.
             Killed from afar by an electric eel (8 damage)
             ... with a bolt of electricity
             ... on level 6 of the Dungeon.
             The game lasted 00:43:18 (9407 turns).

Sabo the Cleaver (Formicid Fighter)                 Turns: 9407, Time: 00:43:18

Health: -2/70      AC:  9    Str: 34    XL:     9   Next: 80%
Magic:  9/9        EV: 10    Int:  8    God:    Zin [***...]
Gold:   97         SH:  9    Dex: 12    Spells: 8/8 levels left

rFire   . . .      SeeInvis +   w - +4 war axe (flame)
rCold   . . .      Faith    .   y - +0 kite shield
rNeg    . . .      Spirit   .   b - +0 swamp dragon scales
rPois   +          Reflect  .   (helmet unavailable)
rElec   .          Harm     .   (no cloak)
rCorr   .          Rampage  .   (no gloves)
Will    .....                   (no boots)
Stlth   +.........              (no amulet)
HPRegen 0.21/turn               i - +6 ring of strength
MPRegen 0.11/turn               u - +6 ring of strength

@: no status effects
A: permanent stasis, dig shafts and tunnels, antennae 3, four strong arms
a: Dig, Shaft Self, Renounce Religion, Recite, Vitalisation, Imprison, Donate
Gold


You were on level 6 of the Dungeon.
You worshipped Zin.
Zin was most pleased with you.
You visited 1 branch of the dungeon, and saw 6 of its levels.

You collected 239 gold pieces.
You donated 142 gold pieces to Zin.

Inventory:

Hand Weapons
 c - a +4 halberd of freezing
 h - a +4 dagger
 m - a +0 triple crossbow of freezing
 w - a +4 war axe of flaming (weapon)
 z - a +0 broad axe
 C - the +1 dagger "Zaaraic" {venom, Str+6}
   (You took it off a gnoll on level 6 of the Dungeon)

   It poisons the flesh of those it strikes.
   Str:       It affects your strength (+6).
 D - a +2 great sword of freezing
Missiles
 l - 94 sling bullets
 n - 16 bolts
 q - 9 boomerangs
 r - 25 poisoned darts
 s - 33 arrows
 x - 2 silver boomerangs
 E - 2 atropa-tipped darts
Armour
 b - +0 swamp dragon scales (worn)
 p - a +0 troll leather armour {Pargi}
 y - a +0 kite shield (worn)
Jewellery
 i - a +6 ring of strength (left hand)
 t - a ring of flight
 u - a +6 ring of strength (right hand)
Wands
 a - a wand of iceblast (7)
 v - a wand of paralysis (8)
 F - a wand of acid (6)
Scrolls
 g - 2 scrolls of noise {unknown}
 k - a scroll of torment {unknown}
 B - a scroll of brand weapon
Potions
 d - 2 potions of might
 e - a potion of ambrosia {unknown}
 f - a potion of heal wounds {unknown}
 j - a potion of degeneration {unknown}
 o - 2 potions of curing
 A - a potion of attraction {unknown}


   Skills:
 + Level 6.3 Fighting
 + Level 8.9 Axes
 + Level 7.6 Armour
 + Level 1.1 Dodging
 + Level 2.1 Stealth
 + Level 5.5 Shields


You had 8 spell levels left.
You didn't know any spells.
Your spell library contained the following spells:

 Spells                   Type           Power      Damage    Failure   Level
 Magic Dart               Conj           0%         1d3       77%         1
 Corpse Rot               Necr/Air       0%         N/A       88%         2
 Passwall                 Tmut/Erth      0%         N/A       88%         2
 Poisonous Vapours        Pois/Air       0%         N/A       88%         2
 Searing Ray              Conj           0%         2d4       88%         2
 Fulminant Prism          Conj/Hex       0%         3d6       100%        4
 Swiftness                Air            Unusable   N/A       N/A         3

Dungeon Overview and Level Annotations

Branches:
Dungeon (6/15)             Temple (0/1) D:6

Altars:
Ru
Zin


Innate Abilities, Weirdness & Mutations

You cannot be hasted, slowed, berserked, paralysed or teleported.
You can dig through walls and to a lower floor.
You have a pair of large antennae on your head. (SInv)
Your four strong arms can wield two-handed weapons with a shield.


Message History

The water moccasin skeleton is heavily damaged.
The water moccasin skeleton bites you but does no damage.
The water moccasin skeleton bites you.
You barely miss the water moccasin skeleton.
The water moccasin skeleton is heavily damaged.
You block the water moccasin skeleton's attack.
You hit the water moccasin skeleton. You burn the water moccasin skeleton.
The water moccasin skeleton is severely damaged.
The water moccasin skeleton bites you.
The water moccasin skeleton bites you but does no damage.
You slash the water moccasin skeleton! You burn the water moccasin skeleton.
You destroy the water moccasin skeleton!
Zin accepts your kill.
You start resting.
HP restored.
There is an open door here.
The electric eel shoots out a bolt of lightning at you!
The bolt of electricity hits you. x2
The electric eel shoots out a bolt of lightning at you!
The bolt of electricity hits you!
The electric eel shoots out a bolt of lightning at you!
The bolt of electricity hits you! The bolt of electricity hits you.
The bolt of electricity hits the electric eel.
The electric eel completely resists.
You closely miss the electric eel. You hit the electric eel.
You burn the electric eel.
The electric eel is moderately wounded.
The electric eel shoots out a bolt of lightning at you!
The bolt of electricity hits you!
* * * LOW HITPOINT WARNING * * *
The bolt of electricity hits you!
* * * LOW HITPOINT WARNING * * *
The bolt of electricity hits the electric eel.
The electric eel completely resists.
You feel better.
The electric eel shoots out a bolt of lightning at you!
The bolt of electricity hits you!
* * * LOW HITPOINT WARNING * * *
The bolt of electricity hits you!
You die...

##.#.#.###.#####.##.##.........'.
###.###...####..####.#.........#.
##.## ####.##.######.#.........#.
..## ##..## #8.##.........#. ###
######.#########...).....#.
.............).##.........#. ≈
≈≈≈≈≈≈≈≈≈≈≈≈≈≈≈≈#.........#. ≈≈Z
≈≈≈≈≈≈≈≈≈≈≈S≈≈≈≈#.........#. ...
...........@...##........... ###
#########'########.........##
8.###8.###8.#........#......)....
............'........#...........
######################...........
... ....................(.. .##
.......[............... ...
....................#<# ...
....................#.#


You could see an electric eel.

Vanquished Creatures
  Maggie (D:6)
  The ghost of blank1 the Magician, an amateur DjIE (D:4)
  Grinder (D:4)
  Duvessa (D:6)
  Pargi (D:3)
  A black bear (D:5)
  A phantom (D:5)
  A kobold brigand (D:5)
  2 scorpions (D:6)
  Dowan (D:6)
  A water moccasin skeleton (D:6)
  5 wights (D:6)
  2 howler monkeys
  A centaur zombie (D:4)
  2 bullfrog zombies
  3 hounds
  2 gnoll shamans
  3 bullfrog skeletons
  2 centaur skeletons
  A scorpion zombie (D:5)
  An orc wizard (D:5)
  2 iguanas
  A killer bee zombie (D:5)
  A hound zombie (D:3)
  Robin (D:4)
  A howler monkey skeleton (D:6)
  9 gnolls
  10 adders
  A shadow imp (D:6)
  A white imp (D:6)
  3 ufetubi (D:6)
  2 adder zombies (D:3)
  An adder skeleton (D:4)
  2 worms
  A dart slug (D:3)
  15 orcs
  5 endoplasms
  2 giant cockroaches
  16 goblins
  12 hobgoblins
  5 quokkas
  10 ball pythons
  7 bats
  3 frilled lizards
  15 kobolds
  A quokka zombie (D:3)
  11 rats
172 creatures vanquished.

Vanquished Creatures (others)
  A withered plant (D:3)
1 creature vanquished.

Grand Total: 173 creatures vanquished

Notes
Turn   | Place    | Note
-------+----------+-------------------------------------------
     0 | D:1      | Sabo the Formicid Fighter began the quest for the Orb.
     0 | D:1      | Reached XP level 1. HP: 18/18 MP: 1/1
   187 | D:1      | Reached XP level 2. HP: 23/24 MP: 2/2
   864 | D:1      | Reached XP level 3. HP: 30/30 MP: 3/3
  1002 | D:1      | Found a faded altar of an unknown god.
  1040 | D:1      | Prayed at the altar of an unknown god.
  1040 | D:1      | Became a worshipper of Zin the Law-Giver
  1040 | D:1      | Reached * piety under Zin
  1718 | D:2      | Reached XP level 4. HP: 23/37 MP: 4/4
  2123 | D:2      | Donated 36 gold pieces to Zin
  2476 | D:2      | Reached skill level 3 in Axes
  2610 | D:2      | Reached ** piety under Zin
  2951 | D:3      | Reached XP level 5. HP: 34/42 MP: 5/5
  3071 | D:3      | Noticed Pargi
  3077 | D:3      | Killed Pargi
  3078 | D:3      | Reached XP level 6. HP: 38/49 MP: 6/6
  3080 | D:3      | Reached skill level 4 in Axes
  3226 | D:3      | Found a sacrificial altar of Ru.
  4064 | D:4      | Noticed Robin
  4077 | D:4      | Killed Robin
  4078 | D:4      | Reached skill level 5 in Armour
  4213 | D:4      | Reached XP level 7. HP: 53/55 MP: 7/7
  4224 | D:4      | Found a runed translucent gate.
  4225 | D:4      | Found a runed translucent gate.
  4225 | D:4      | Noticed blank1's ghost (amateur DjIE)
  4248 | D:4      | Found a runed translucent gate.
  4575 | D:4      | Reached skill level 5 in Axes
  4902 | D:4      | Noticed Grinder
  4933 | D:4      | Killed Grinder
  5305 | D:5      | Entered Level 5 of the Dungeon
  5333 | D:5      | Reached skill level 6 in Axes
  5384 | D:5      | Reached XP level 8. HP: 54/61 MP: 8/8
  6228 | D:5      | Reached skill level 5 in Fighting
  6228 | D:5      | Reached skill level 7 in Axes
  6600 | D:5      | Reached *** piety under Zin
  6858 | D:4      | Killed blank1's ghost
  6986 | D:5      | Identified a scroll of acquirement
  6988 | D:5      | Acquired a +4 war axe of flaming
  7139 | D:6      | Noticed Maggie
  7153 | D:6      | Killed Maggie
  7154 | D:6      | Reached skill level 8 in Axes
  7154 | D:6      | Reached XP level 9. HP: 25/68 MP: 9/9
  7381 | D:6      | Found a staircase to the Ecumenical Temple.
  7574 | D:6      | Identified the +1 dagger "Zaaraic" {venom, Str+6}
  7722 | D:6      | Reached skill level 5 in Shields
  7750 | D:6      | Reached skill level 1 in Stealth
  8375 | D:6      | Noticed Dowan
  8377 | D:6      | Noticed Duvessa
  8383 | D:6      | Killed Dowan
  8387 | D:6      | Killed Duvessa
  8597 | D:6      | Donated 83 gold pieces to Zin
  8996 | D:6      | Reached skill level 1 in Dodging
  9407 | D:6      | Killed from afar by an electric eel

Illustrated notes

Levels and vault maps discovered:
D:1:      ebering_trefoil_twist, layout_loops_corners, basic_ecumenical_altar,
          minmay_tromino_mix6
D:2:      layout_basic, minivault_11, minmay_diced_spiral
D:3:      layout_loops_ring, nicolae_ru_awakened_eye, serial_undead,
          serial_undead_a, serial_undead_e, serial_undead_b, serial_undead_f,
          uniq_pargi
D:4:      layout_loops_ring, gammafunk_ghost_split, uniq_grinder, uniq_robin
D:5:      layout_basic, minmay_checkerbox
D:6:      wad_river_or_something, layout_basic, minmay_temple_entry_tees,
          minivault_1, minmay_crystal_room, uniq_duvessa, uniq_maggie

Skill      XL: |  1  2  3  4  5  6  7  8  9 |
---------------+----------------------------+-----
Armour         | 4 5 7 |  7.6
Axes           | 3 4 6 8 |  8.9
Fighting       | 4 5 6 |  6.3
Shields        | 4 5 |  5.5
Stealth        | 2 |  2.1
Dodging        | 1 |  1.1

Action                   |  1- 3 |  4- 6 |  7- 9 || total
-------------------------+-------+-------+-------++-------
Melee: War axe           |   120 |   183 |   183 ||   486
       Broad axe         |       |       |    53 ||    53
Invok: Donate Gold       |       |     1 |     1 ||     2
 Abil: Dig               |     2 |     1 |    12 ||    15
  Use: Scroll            |     1 |       |     5 ||     6
       Potion            |       |     3 |     3 ||     6
Armor: Scale mail        |    37 |       |       ||    37
       Chain mail        |    31 |   137 |    85 ||   253
       Swamp dragon scal |       |       |    24 ||    24
Dodge: Dodged            |    62 |    79 |   101 ||   242
Block: Buckler           |    31 |    42 |    31 ||   104
       Kite shield       |       |       |    37 ||    37

Table legend: (Time is in decaauts)
 A = Elapsed time spent in this place.
 B = Non-inter-level travel time spent in this place.
 C = Inter-level travel time spent in this place.
 D = Time resting spent in this place.
 E = Time spent auto-exploring this place.
 F = Levels seen in this place.
 G = Mean time per level.
                   A        B        C        D        E       F      G
               +--------+--------+--------+--------+--------+-----+--------+
         Total |   9583 |   9583 |      0 |   3211 |      0 |   6 | 1597.2 |
       Dungeon |   9583 |   9583 |      0 |   3211 |      0 |   6 | 1597.2 |
               +--------+--------+--------+--------+--------+-----+--------+

Top non-repeatable levels by time:
     D:6: 2287 daAuts
     D:5: 1681 daAuts
     D:4: 1639 daAuts
     D:1: 1555 daAuts
     D:2: 1290 daAuts
     D:3: 1129 daAuts
